 Dungeon Crawl Stone Soup version 0.17.1-3-g152610e (webtiles) character file.

96586 juanjsm the Unseen (level 15, -3/92 HPs)
             Began as a Spriggan Enchanter on Apr 4, 2016.
             Was a High Priest of Ashenzari.
             Slain by a jumping spider (16 damage)
             ... on level 1 of the Spider Nest on Apr 5, 2016.
             The game lasted 05:13:26 (30249 turns).

juanjsm the Unseen (Spriggan Enchanter)            Turns: 30249, Time: 05:13:32

Health: -3/92      AC:  8    Str:  4      XL:     15   Next: 69%
Magic:  10/33      EV: 11    Int: 21 (23) God:    Ashenzari [*****.]
Gold:   893        SH:  0    Dex: 17      Spells: 10 memorised, 7 levels left

rFire  . . .     SeeInvis +     (weapon currently unavailable)
rCold  + + +     Clarity  +     (armour currently unavailable)
rNeg   . . .     SustAt   .     (shield currently unavailable)
rPois  +         Gourm    .     (helmet currently unavailable)
rElec  .         Spirit   .     (cloak currently unavailable)
rCorr  .         Warding  .     (gloves unavailable)
rMut   .         Stasis   +     (boots unavailable)
MR     ++...                    L - amulet of stasis
Stlth  ++++++++..               w - ring of protection from fire (curse)
                                T - ring of flight (curse)

@: ice-form, held, very resistant to hostile enchantments, extraordinarily
stealthy
A: unfitting armour, see invisible, herbivore 3, (speed 0), slow metabolism 2
a: End Transformation, Scrying, Transfer Knowledge, Renounce Religion, Evoke
Flight


You were on level 1 of the Spider Nest.
You worshipped Ashenzari.
Ashenzari was extremely pleased with you.
You were full.
You were a creature of crystalline ice.
You visited 7 branches of the dungeon, and saw 31 of its levels.
You also visited: Labyrinth and Ice Cave.

You collected 2984 gold pieces.
You spent 2091 gold pieces at shops.

Inventory:

Hand Weapons
 l - a cursed +7 dagger of chaos (melded)
Armour
 k - a cursed +2 hat (melded)
 I - a cursed +1 buckler (melded)
 Q - a cursed +2 cloak (melded)
 Y - a cursed +0 robe of fire resistance (melded)
Jewellery
 w - a cursed ring of protection from fire (right front paw)
 L - an amulet of stasis (around neck)
 T - a cursed ring of flight (left front paw)
Wands
 g - a wand of disintegration (11)
 x - a wand of digging (19)
 E - a wand of cold (6)
 H - a wand of fireball (12)
 N - a wand of draining (9)
 O - a wand of polymorph (18)
 P - a wand of teleportation (6)
 W - a wand of fire (7)
Scrolls
 c - a scroll of acquirement
 e - 5 scrolls of fog
 h - 3 scrolls of fear
 j - 3 scrolls of curse jewellery
 n - a scroll of vulnerability
 r - 11 scrolls of amnesia
 v - a scroll of magic mapping
 y - 3 scrolls of blinking
 C - a scroll of brand weapon
 F - 2 scrolls of recharging
 J - 7 scrolls of teleportation
 K - 10 scrolls of curse weapon
 R - 8 scrolls of remove curse
 U - 4 scrolls of identify
Potions
 b - a potion of resistance
 f - a potion of haste
 i - 5 potions of lignification
 m - 10 potions of curing
 o - 3 potions of brilliance
 q - 3 potions of cure mutation
 s - 6 potions of agility
 u - 4 potions of flight
 z - 7 potions of heal wounds
 A - 2 potions of might
 D - 2 potions of cancellation
 X - a potion of invisibility
Books
 t - a Necronomicon

   Spells                             Type                      Level
   a - Haunt                          Necromancy/Summoning         7
   b - Borgnjor's Revivification      Necromancy                   8
   c - Death's Door                   Charms/Necromancy            8
   d - Necromutation                  Transmutation/Necromancy     8
 B - a book of Power

   Spells                             Type                      Level
   a - Fulminant Prism                Conjuration/Hexes            4
   b - Iskenderun's Mystic Blast      Conjuration                  4
   c - Venom Bolt                     Conjuration/Poison           5
   d - Bolt of Magma                  Conjuration/Fire/Earth       5
   e - Iron Shot                      Conjuration/Earth            6
   f - Orb of Destruction             Conjuration                  7
   g - Spellforged Servitor           Conjuration/Summoning        7
Miscellaneous
 a - a lamp of fire
 p - a crystal ball of energy
 M - a disc of storms
 V - a plain deck of defence {the Blade}
 Z - a box of beasts
Comestibles
 d - 10 bread rations
 G - 10 fruits
 S - 10 royal jellies


   Skills:
 * Level 7.8 Fighting
 * Level 7.6(11.6) Short Blades
 * Level 12.3(15.9) Dodging
 * Level 16.8(20.1) Stealth
 * Level 3.0(5.3) Shields
 * Level 13.7 Spellcasting
 * Level 3.1(5.4) Conjurations
 + Level 9.4(12.0) Hexes
 * Level 6.9(9.6) Necromancy
 + Level 6.6(9.3) Transmutations
 + Level 8.5(11.1) Fire Magic
 + Level 4.5(7.0) Ice Magic
 + Level 9.4(11.9) Evocations


You had 7 spell levels left.
You knew the following spells:

 Your Spells              Type           Power        Failure   Level  Hunger
a - Corona                Hex            ######.      1%          1    None
b - Ensorcelled Hibernat  Hex/Ice        ######       1%          2    None
c - Confuse               Hex            ######..     1%          3    None
d - Dazzling Spray        Conj/Hex       ######..     1%          3    None
e - Petrify               Trmt/Erth      ####....     8%          4    None
f - Fireball              Conj/Fire      #####.....   4%          5    ###....
g - Sticky Flame          Conj/Fire      #####...     1%          4    None
h - Dispel Undead         Necr           ######..     2%          5    ###....
i - Conjure Flame         Conj/Fire      #####...     1%          3    None
j - Ice Form              Ice/Trmt       #####...     1%          4    None


Dungeon Overview and Level Annotations

Branches:
Dungeon (15/15)            Temple (1/1) D:6            Lair (8/8) D:9
  Swamp (1/4) Lair:4       Spider (1/4) Lair:5        Slime (0/6) Lair:6
    Orc (4/4) D:10            Elf (1/3) Orc:4        Vaults (0/5) D:13
 Depths (0/5) D:15

Altars:
Ashenzari
Cheibriados
Fedhas
Kikubaaqudgha
Qazlal
Trog
Vehumet
Xom
Zin
Beogh

Shops:
D:4 ?   D:9 =   D:10 *   D:12 (   Orc:1 ?   Orc:4 !?*[

Annotations:
Lair:5 exclusion: electric eel
Lair:6 exclusion: 3 oklob plants
Swamp:1 exclusion: Roxanne, Roxanne
Elf:1 Asterion


Innate Abilities, Weirdness & Mutations

You are tiny and cannot use many weapons and most armour.
You have supernaturally acute eyesight.
You are a herbivore.
((You cover ground extremely quickly.))
You need consume almost no food.


Message History

Really attack barehanded?
Okay, then.
Casting: Ensorcelled Hibernation
Confirm with . or Enter, or press ? or * to list all spells.
Aiming: Ensorcelled Hibernation
Press: ? - help, Shift-Dir - straight line, f/p - jumping spider
Aim: a jumping spider (chance to defeat MR: 72%)
The jumping spider is unaffected.
The jumping spider closely misses you.
The jumping spider completely misses you.
The jumping spider pounces on you.
You are caught in a web!
The jumping spider closely misses you. The jumping spider pounces on you!!
* * * LOW HITPOINT WARNING * * *
The jumping spider bites you but does no damage.
You struggle to detach yourself from the web.
The jumping spider pounces on you!
* * * LOW HITPOINT WARNING * * *
The jumping spider bites you.
* * * LOW HITPOINT WARNING * * *
The jumping spider pounces on you!
You die...

...<##, ,...# * , * , .....##
... *{* * * ......#, , .. *
*,,** ......#, , .##* * * ,,
......## ##.. ### * ,
.......###.# #########..# *
....###....###..#.#.....# ,,
.....#.....##..s.†......#####
,
.###......#.s...Y###..>.....#
, #*
##....##.....s...........# *
#....###.................# ,
,*##..###...................
* , ,
*###,#.#.......#.......... *,
,, ..##.......#.......... * ,
, #..*#|.....##..........* ,
* ..# ###....##.......... ,
## , ###..# , , ,


You could see 3 jumping spiders.

Vanquished Creatures
  Rupert (D:15)
  Nessos (D:15)
  An ettin (D:15)
  A vault guard (D:13)
  A fire dragon (D:13)
  A minotaur (Lab)
  Erolcha (D:10)
  11 hydras
  An alligator (Swamp:1)
  Erica (Lair:2)
  A catoblepas (D:13)
  2 centaur warriors
  An ogre mage (D:15)
  3 orc high priests (Orc:4)
  3 tengu warriors
  Sonja (D:12)
  A deep elf knight (D:15)
  2 deep trolls
  5 orc knights
  An unseen horror (D:15)
  5 hill giants
  4 orc sorcerers (Orc:4)
  A deep elf conjurer (Elf:1)
  4 cyclopes
  A water nymph (shapeshifter) (D:15)
  A wolf spider (Spider:1)
  2 manticores
  6 ugly things
  15 elephants
  An ice statue (IceCv)
  3 centaur skeletons (D:14)
  A torpor snail (Lair:5)
  3 black mambas
  9 komodo dragons
  13 spiny frogs
  A fire drake (Lair:7)
  A komodo dragon (shapeshifter) (D:15)
  2 kobold demonologists (D:9)
  3 trolls
  A wolf spider simulacrum (D:15)
  2 spriggan druids (Lair:8)
  A jumping spider (Spider:1)
  A troll (shapeshifter) (D:13)
  A harpy skeleton (D:14)
  2 freezing wraiths (D:15)
  2 two-headed ogres
  5 slime creatures
  23 polar bears
  17 blink frogs
  5 trapdoor spiders
  A trapdoor spider (shapeshifter) (D:14)
  7 shadows
  27 yaks
  5 redbacks
  A basilisk (Lair:6)
  7 deep elf magi
  10 spriggans (Lair:8)
  Eustachio (D:4)
  2 hungry ghosts
  2 wyverns
  15 hippogriffs
  6 vampire mosquitoes (D:14)
  4 wargs
  43 wolves
  A mottled dragon (D:12)
  4 porcupines
  A phantom (D:9)
  4 black bears
  13 water moccasins
  A sky beast (D:8)
  A black bear (shapeshifter) (D:15)
  8 ogres
  4 wasps (Lair:8)
  10 centaurs
  A boggart (D:15)
  30 orc warriors
  11 ice beasts
  9 crocodiles
  A necrophage (D:7)
  5 big kobolds
  A brain worm (D:15)
  23 giant frogs
  A gnoll sergeant (D:8)
  6 scorpions
  A water moccasin skeleton (D:10)
  A wyvern skeleton (D:14)
  11 killer bees
  A crimson imp (D:8)
  3 hounds
  7 jellies
  31 orc priests
  A quasit (D:10)
  4 hell rats (Lair:6)
  26 orc wizards
  10 iguanas
  6 worker ants
  A killer bee zombie (D:11)
  2 hound skeletons (D:9)
  A hound zombie (D:5)
  A worker ant zombie (D:11)
  16 adders
  4 gnolls (D:8)
  65 river rats
  2 shadow imps
  7 oozes
  2 adder skeletons (D:4)
  2 worms
  5 giant geckos
  182 orcs
  A ball python (D:1)
  7 giant cockroaches
  11 hobgoblins
  7 jackals
  5 sheep
  10 bats
  6 giant newts
  8 goblins
  A jackal skeleton (D:4)
  32 kobolds
  4 quokkas
  A quokka skeleton (D:7)
  4 rats
  A fungus (Lair:7)
  A plant (D:5)
933 creatures vanquished.

Vanquished Creatures (others)
  8 fungi
  3 plants
11 creatures vanquished.

Grand Total: 944 creatures vanquished

Notes
Turn   | Place    | Note
--------------------------------------------------------------
     0 | D:1      | juanjsm the Spriggan Enchanter began the quest for the Orb.
     0 | D:1      | Reached XP level 1. HP: 9/9 MP: 5/5
   516 | D:1      | Reached XP level 2. HP: 14/14 MP: 6/6
   520 | D:1      | Learned a level 2 spell: Ensorcelled Hibernation
   949 | D:2      | Reached skill level 5 in Stealth
   961 | D:2      | Reached XP level 3. HP: 17/17 MP: 1/8
   968 | D:2      | Learned a level 3 spell: Confuse
  1215 | D:2      | Reached skill level 1 in Fighting
  1428 | D:2      | Reached XP level 4. HP: 20/22 MP: 9/9
  1670 | D:3      | Learned a level 3 spell: Dazzling Spray
  1820 | D:3      | Noticed an ogre
  1831 | D:3      | Killed an ogre
  1831 | D:3      | Reached skill level 6 in Stealth
  1831 | D:3      | Reached XP level 5. HP: 25/25 MP: 6/11
  2155 | D:4      | Found Inoihuaguh's Magic Scroll Shoppe.
  2164 | D:4      | Bought a scroll of identify for 28 gold pieces
  2277 | D:4      | Noticed Eustachio
  2347 | D:4      | Killed Eustachio
  2347 | D:4      | Reached skill level 7 in Stealth
  2347 | D:4      | Reached XP level 6. HP: 28/30 MP: 0/13
  2566 | D:4      | Reached skill level 5 in Hexes
  2971 | D:4      | Bought a scroll of identify for 28 gold pieces
  2971 | D:4      | Bought a scroll of identify for 28 gold pieces
  3013 | D:5      | Entered Level 5 of the Dungeon
  3121 | D:5      | Noticed a water moccasin
  3131 | D:5      | Killed a water moccasin
  3131 | D:5      | Reached skill level 8 in Stealth
  3131 | D:5      | Reached XP level 7. HP: 35/35 MP: 6/14
  3761 | D:5      | Reached skill level 5 in Dodging
  4048 | D:6      | Reached skill level 9 in Stealth
  4048 | D:6      | Reached skill level 5 in Spellcasting
  4048 | D:6      | Reached XP level 8. HP: 39/39 MP: 16/16
  4087 | D:6      | Reached skill level 1 in Ice Magic
  4322 | D:6      | Found a shimmering altar of Xom.
  4543 | D:6      | Found a staircase to the Ecumenical Temple.
  4725 | Temple   | Entered the Ecumenical Temple
  4739 | Temple   | Became a worshipper of Ashenzari the Shackled
  5661 | D:7      | Reached * piety under Ashenzari
  5995 | D:7      | Reached skill level 10 in Stealth
  6439 | D:8      | Reached XP level 9. HP: 18/44 MP: 0/19
  6645 | D:8      | Found a shimmering altar of Xom.
  7245 | D:9      | Reached skill level 11 in Stealth
  7260 | D:9      | Reached ** piety under Ashenzari
  7302 | D:9      | Reached skill level 1 in Evocations
  7377 | D:9      | Noticed a kobold demonologist
  7380 | D:9      | Noticed a sixfirhy
  7392 | D:10     | Entered Level 10 of the Dungeon
  7559 | D:9      | Noticed a kobold demonologist
  7571 | D:9      | Killed a kobold demonologist
  7594 | D:9      | Killed a kobold demonologist
  7594 | D:9      | Reached skill level 12 in Stealth
  7699 | D:9      | Found Poddaky's Jewellery Emporium.
  7779 | D:9      | Found a staircase to the Lair.
  8107 | D:9      | Reached XP level 10. HP: 49/49 MP: 10/22
  8622 | D:4      | Bought a scroll of amnesia for 49 gold pieces
  8622 | D:4      | Bought a scroll of teleportation for 42 gold pieces
  8622 | D:4      | Bought a scroll of fog for 28 gold pieces
  8824 | Lair:1   | Entered Level 1 of the Lair of Beasts
  8914 | Lair:1   | Identified the +6 shortbow of Blood-Lust {freeze, rF++ rC+ MP+9 Str+3}
  8939 | Lair:1   | Reached skill level 13 in Stealth
  8983 | Lair:1   | Found a dark tunnel.
  9089 | Lair:1   | Noticed a six-headed hydra
  9109 | Lair:1   | Killed a six-headed hydra
  9109 | Lair:1   | Reached skill level 5 in Short Blades
  9415 | Lair:1   | Reached skill level 14 in Stealth
 10193 | Lair:2   | Reached *** piety under Ashenzari
 10218 | Lair:2   | Found a labyrinth entrance.
 10237 | Lab      | Entered a labyrinth
 10406 | Lab      | Noticed a minotaur
 10413 | Lab      | Killed a minotaur
 10413 | Lab      | Reached XP level 11. HP: 54/54 MP: 24/24
 10415 | Lab      | Identified a +2 rod of inaccuracy (9/9)
 10650 | Lair:2   | Noticed a five-headed hydra
 10654 | Lair:2   | Killed a five-headed hydra
 10654 | Lair:2   | Reached skill level 15 in Stealth
 10657 | Lair:2   | Noticed Erica
 10713 | Lair:2   | Killed Erica
 11417 | Lair:3   | Found a frozen archway.
 11417 | Lair:3   | Noticed a catoblepas
 12031 | Lair:3   | Reached **** piety under Ashenzari
 12148 | Lair:3   | Reached skill level 5 in Evocations
 12774 | Lair:3   | Reached skill level 5 in Fighting
 12816 | Lair:3   | Got the uncursed robe of Avusmic {Dex+2}
 12827 | Lair:3   | Identified the +1 robe of Avusmic {Dex+2} (You found it on level 3 of the Lair of Beasts)
 12871 | Lair:4   | Found a frozen archway.
 12900 | Lair:4   | Reached skill level 16 in Stealth
 13045 | Lair:4   | Found a staircase to the Swamp.
 13406 | Lair:4   | Reached XP level 12. HP: 50/60 MP: 9/26
 13409 | IceCv    | Entered an ice cave
 13430 | IceCv    | Reached skill level 10 in Spellcasting
 13585 | IceCv    | Reached skill level 10 in Hexes
 13847 | IceCv    | Reached skill level 10 in Dodging
 14132 | IceCv    | Noticed a frost giant
 14699 | Lair:4   | Reached skill level 17 in Stealth
 14801 | Lair:4   | Noticed a five-headed hydra
 14810 | Lair:4   | Killed a five-headed hydra
 15060 | Lair:4   | Gained mutation: You possess an exceptional clarity of mind. [potion of mutation]
 15060 | Lair:4   | Gained mutation: Armour fits poorly on your strangely shaped body. [potion of mutation]
 15060 | Lair:4   | Gained mutation: Potions and wands are less effective at restoring your health. [potion of mutation]
 15061 | Lair:4   | Lost mutation: Armour fits poorly on your strangely shaped body. [potion of cure mutation]
 15061 | Lair:4   | Lost mutation: You possess an exceptional clarity of mind. [potion of cure mutation]
 15061 | Lair:4   | Lost mutation: Potions and wands are less effective at restoring your health. [potion of cure mutation]
 15150 | Lair:5   | Noticed a four-headed hydra
 15157 | Lair:5   | Killed a four-headed hydra
 15503 | Lair:5   | Found a hole to the Spider Nest.
 15668 | Lair:5   | Reached XP level 13. HP: 65/65 MP: 15/29
 15707 | Lair:5   | Reached ***** piety under Ashenzari
 16254 | Lair:5   | Reached skill level 18 in Stealth
 17446 | Lair:6   | Learned a level 4 spell: Petrify
 17695 | Lair:6   | Found a staircase to the Slime Pits.
 18245 | Lair:7   | Reached skill level 1 in Transmutations
 18908 | Lair:8   | Entered Level 8 of the Lair of Beasts
 19009 | Lair:8   | Reached skill level 19 in Stealth
 19413 | Lair:8   | Reached XP level 14. HP: 70/70 MP: 18/31
 20465 | Lair:2   | Noticed a catoblepas
 20831 | D:10     | Found a roughly hewn altar of Beogh.
 20840 | D:10     | Found a staircase to the Orcish Mines.
 20859 | D:10     | Noticed a hill giant
 20865 | D:10     | Noticed Erolcha
 20867 | D:10     | Killed a hill giant
 20879 | D:10     | Killed Erolcha
 20996 | D:10     | Found Beijymm's Assorted Antiques.
 21004 | D:10     | Bought a knobbly coral ring for 120 gold pieces
 21004 | D:10     | Bought a hardcover book for 360 gold pieces
 21140 | D:10     | Reached skill level 1 in Conjurations
 21329 | Orc:1    | Entered Level 1 of the Orcish Mines
 21398 | Orc:4    | Entered Level 4 of the Orcish Mines
 21403 | Orc:4    | Found a staircase to the Elven Halls.
 21707 | Orc:4    | Found Xipahiul's Distillery.
 21711 | Orc:4    | Found Pasiodib's General Store.
 22273 | Orc:2    | Reached ****** piety under Ashenzari
 22327 | Orc:2    | Found a bloodstained altar of Trog.
 23388 | Orc:1    | Reached skill level 1 in Shields
 23410 | Orc:1    | Found Fuvofu's Magic Scroll Boutique.
 23413 | Orc:1    | Bought a scroll of identify for 26 gold pieces
 23413 | Orc:1    | Bought a scroll of identify for 26 gold pieces
 23413 | Orc:1    | Bought a scroll of identify for 26 gold pieces
 23413 | Orc:1    | Bought a scroll of identify for 26 gold pieces
 23413 | Orc:1    | Bought a scroll of identify for 26 gold pieces
 23413 | Orc:1    | Identified a scroll of acquirement
 24037 | Orc:4    | Reached skill level 5 in Transmutations
 24135 | Orc:4    | Reached skill level 20 in Stealth
 24504 | Orc:4    | Found Rynwiuhe's Magic Scroll Boutique.
 24736 | Orc:4    | Found Etaff's Antique Armour Shoppe.
 24748 | Orc:4    | Bought a potion of invisibility for 96 gold pieces
 24748 | Orc:4    | Bought a potion of magic for 96 gold pieces
 24750 | Orc:4    | Bought a scroll of identify for 20 gold pieces
 24760 | Orc:4    | Bought a scroll of teleportation for 51 gold pieces
 24760 | Orc:4    | Bought a scroll of identify for 34 gold pieces
 24760 | Orc:4    | Bought a scroll of identify for 34 gold pieces
 24774 | Orc:4    | Bought a potion of heal wounds for 60 gold pieces
 24774 | Orc:4    | Bought a potion of curing for 36 gold pieces
 24774 | Orc:4    | Bought a potion of cure mutation for 420 gold pieces
 24774 | Orc:4    | Bought a potion of curing for 36 gold pieces
 24774 | Orc:4    | Bought a potion of heal wounds for 60 gold pieces
 24774 | Orc:4    | Bought a potion of heal wounds for 60 gold pieces
 24793 | Orc:4    | Learned a level 5 spell: Fireball
 24798 | Orc:4    | Learned a level 4 spell: Sticky Flame
 25082 | D:9      | Bought an uncursed ring of protection from fire for 275 gold pieces
 25197 | D:11     | Reduced skill Stealth to level 19
 25197 | D:11     | Reached skill level 1 in Fire Magic
 25493 | D:11     | Learned a level 5 spell: Dispel Undead
 25599 | D:11     | Reduced skill Stealth to level 18
 25843 | D:11     | Reached skill level 5 in Fire Magic
 25902 | D:11     | Learned a level 3 spell: Conjure Flame
 26042 | D:12     | Noticed Sonja
 26045 | D:12     | Killed Sonja
 26117 | D:12     | Found Zorphirua's Antique Weapon Shop.
 26694 | D:13     | Reduced skill Stealth to level 17
 27008 | D:13     | Reached XP level 15. HP: 45/75 MP: 12/33
 27018 | D:13     | Reduced skill Stealth to level 16
 27018 | D:13     | Reached skill level 17 in Stealth
 27253 | D:13     | Reduced skill Stealth to level 16
 27343 | D:13     | Found a gate to the Vaults.
 27354 | D:13     | Reduced skill Stealth to level 15
 27356 | D:13     | Reached skill level 16 in Stealth
 27845 | D:14     | Learned a level 4 spell: Ice Form
 27878 | D:14     | Reached skill level 1 in Necromancy
 28109 | D:15     | Entered Level 15 of the Dungeon
 28181 | D:15     | Noticed Nessos
 28188 | D:15     | Killed Nessos
 28329 | D:15     | Reduced skill Hexes to level 10
 28329 | D:15     | Reached skill level 5 in Necromancy
 28408 | D:15     | Noticed Rupert
 28413 | D:15     | Found a staircase to the Depths.
 28458 | D:15     | Reached skill level 10 in Hexes
 28648 | D:15     | Killed Rupert
 29620 | Elf:1    | Entered Level 1 of the Elven Halls
 29629 | Elf:1    | Noticed Asterion
 29928 | Swamp:1  | Entered Level 1 of the Swamp
 29928 | Swamp:1  | Noticed Roxanne
 30168 | Spider:1 | Entered Level 1 of the Spider Nest
 30249 | Spider:1 | Slain by a jumping spider

Action                   |  1- 3 |  4- 6 |  7- 9 | 10-12 | 13-15 || total
-------------------------+-------+-------+-------+-------+-------++-------
Melee: Dagger            |    91 |    96 |   405 |   513 |  1113 ||  2218
 Cast: Corona            |     2 |       |       |     1 |     3 ||     6
       Ensorcelled Hiber |    17 |    25 |    62 |   113 |   320 ||   537
       Confuse           |       |    10 |    26 |    42 |   123 ||   201
       Dazzling Spray    |       |       |    13 |    39 |    78 ||   130
       Fireball          |       |       |       |       |    14 ||    14
       Petrify           |       |       |       |       |     1 ||     1
       Conjure Flame     |       |       |       |       |     2 ||     2
       Ice Form          |       |       |       |       |     1 ||     1
Invok: Scrying           |       |       |       |     4 |    13 ||    17
       Transfer Knowledg |       |       |       |       |     2 ||     2
 Abil: Evoke Flight      |       |       |       |     2 |     2 ||     4
Evoke: Wand              |       |       |       |     5 |     1 ||     6
  Use: Scroll            |       |       |     2 |    31 |    24 ||    57
       Potion            |       |       |       |     4 |    12 ||    16
 Stab: Sleeping          |    20 |    26 |    49 |   112 |   284 ||   491
       Confused          |       |     3 |    15 |    22 |    64 ||   104
       Invisible         |       |       |     4 |    20 |    39 ||    63
       Distracted        |       |       |     1 |     2 |    22 ||    25
       Petrifying        |       |       |       |       |     1 ||     1
       Paralysed         |       |       |       |       |     1 ||     1
  Eat: Pizza             |       |     1 |       |     1 |       ||     2
       Fruit             |       |       |     3 |     6 |    19 ||    28
       Bread ration      |       |       |     1 |       |       ||     1
